 Dungeon Crawl Stone Soup version 0.28.0-45-g0d030f2227 (webtiles) character file.

Game seed: 9224089006533689972

53440 Ablot the Thaumaturge (level 14, -6/166 HPs)
             Began as a Gnoll Warper on Apr 8, 2022.
             Was the Champion of Okawaru.
             Engulfed by a death drake's foul pestilence (14 damage)
             ... in a Gauntlet.
             The game lasted 00:55:35 (23358 turns).

Ablot the Thaumaturge (Gnoll Warper)               Turns: 23358, Time: 00:55:35

Health: -6/166     AC: 27    Str: 20    XL:     14   Next: 68%
Magic:  6/9        EV:  2    Int: 15    God:    Okawaru [******]
Gold:   1540       SH: 11    Dex: 11    Spells: 26/34 levels left

rFire   . . .      SeeInvis +   a - +8 spear of Axoedgh {antimagic, rC+ Will+ SInv}
rCold   + . .      Faith    .   Z - +0 buckler
rNeg    . . .      Spirit   .   (armour currently unavailable)
rPois   +          Reflect  +   (helmet currently unavailable)
rElec   .          Harm     .   (cloak currently unavailable)
rCorr   .          Rampage  .   (gloves currently unavailable)
Will    ++...      NoTele   +   (boots currently unavailable)
Stlth   ++++......              W - amulet of reflection
HPRegen 0.37/turn               h - +6 ring of strength
MPRegen 0.11/turn               G - +4 ring of slaying

@: mighty, tree-form, finesse-ful, slowed, studying Ice Magic, very slow
A: stationary, stasis, torment immunity, boosted hp, (fangs 1), strong nose,
distributed training
a: Renounce Religion, Heroism, Finesse, Duel


You were in a Gauntlet.
You worshipped Okawaru.
Okawaru was exalted by your worship.
You were a tree.
You visited 3 branches of the dungeon, and saw 20 of its levels.
You also visited: Bailey and Gauntlet.

You collected 1540 gold pieces.

Inventory:

Hand Weapons
 a - the +8 spear of Axoedgh (weapon) {antimagic, rC+ Will+ SInv}
   (You found it on level 9 of the Dungeon)

   It reduces the magical energy of the wielder, and disrupts the spells and
   magical abilities of those it strikes.
   Natural abilities and divine invocations are not affected.
   rC:        It protects you from cold.
   SInv:      It lets you see invisible.
   Will:      It increases your willpower.
Missiles
 d - 8 boomerangs of dispersal
 e - 16 bolts
 j - 3 javelins
 m - 78 poisoned darts
 r - 3 atropa-tipped darts
 B - 29 boomerangs (quivered)
 I - a silver boomerang
 L - 12 curare-tipped darts
 O - a throwing net
Armour
 b - the +16 crystal plate armour of Numauzo {+Blink rC+ rCorr Stlth+}
   (Okawaru gifted it to you on level 12 of the Dungeon)

   rC:        It protects you from cold.
   +Blink:    It lets you blink.
   rCorr:     It protects you from acid and corrosion.
   Stlth:     It makes you more stealthy.
 i - a +2 helmet (melded)
 z - +2 shadow dragon scales (melded)
 J - a +1 pair of boots (melded)
 K - a +0 pair of gloves (melded)
 Z - a +0 buckler (worn)
Jewellery
 h - a +6 ring of strength (left branch)
 l - a ring of protection from fire
 p - the ring of Xom's Fair Game {rC+ rCorr}
   (You found it in a Gauntlet)

   [ring of protection from cold]

   rC:        It protects you from cold.
   rCorr:     It protects you from acid and corrosion.
 D - a ring of fire
 G - a +4 ring of slaying (right branch)
 V - a ring of flight
 W - an amulet of reflection (around neck)
 X - a ring of ice
Wands
 c - a wand of iceblast (6)
 n - a wand of paralysis (5)
 q - a wand of digging (34)
 w - a wand of acid (8)
 H - a wand of flame (35)
 R - a wand of mindburst (35)
Scrolls
 k - 6 scrolls of vulnerability
 y - 2 scrolls of fog
 S - 3 scrolls of fear
Potions
 f - 2 potions of brilliance
 g - 4 potions of flight
 t - 2 potions of berserk rage
 v - 3 potions of might
 x - a potion of ambrosia {unknown}
 C - 2 potions of mutation
 E - 4 potions of lignification
 M - 2 potions of attraction
 N - 2 potions of haste
 U - a potion of magic {unknown}
Miscellaneous
 Y - a condenser vane


   Skills:
 + Level 10.5 Fighting
 + Level 9.4 Short Blades
 + Level 9.4 Long Blades
 + Level 9.4 Axes
 + Level 9.4 Maces & Flails
 + Level 10.5 Polearms
 + Level 9.4 Staves
 + Level 9.4 Slings
 + Level 9.4 Bows
 + Level 9.4 Crossbows
 + Level 9.8 Throwing
 + Level 9.8 Armour
 + Level 10.5 Dodging
 + Level 9.4 Stealth
 + Level 9.4 Shields
 + Level 9.4 Unarmed Combat
 + Level 10.7 Spellcasting
 + Level 7.9 Conjurations
 + Level 7.9 Hexes
 + Level 7.9 Summonings
 + Level 7.9 Necromancy
 + Level 9.6 Translocations
 + Level 7.9 Transmutations
 + Level 7.9 Fire Magic
 + Level 7.9 Ice Magic
 + Level 7.9 Air Magic
 + Level 7.9 Earth Magic
 + Level 7.9 Poison Magic
 + Level 10.3 Invocations
 + Level 9.4 Evocations


You had 26 spell levels left.
You knew the following spells:

 Your Spells              Type           Power      Damage    Failure   Level
a - Blink                 Tloc           74%        N/A       1%          2
b - Gell's Gravitas       Tloc           37%        N/A       1%          3
c - Frozen Ramparts       Ice            62%        1d8       1%          3

Your spell library contained the following spells:

 Spells                   Type           Power      Damage    Failure   Level
 Pain                     Necr           100%       1d9       1%          1
 Shock                    Conj/Air       100%       1d9       1%          1
 Lesser Beckoning         Tloc           37%        N/A       1%          3
 Portal Projectile        Hex/Tloc       68%        N/A       1%          3
 Swiftness                Air            31%        N/A       1%          3
 Teleport Other           Tloc           37%        N/A       1%          3
 Vampiric Draining        Necr           31%        2d8       1%          3
 Airstrike                Air            15%        N/A       4%          4
 Ice Form                 Ice/Tmut       31%        N/A       4%          4
 Leda's Liquefaction      Hex/Erth       15%        N/A       4%          4
 Manifold Assault         Tloc           37%        N/A       6%          5
 Agony                    Necr           31%        N/A       12%         5
 Excruciating Wounds      Necr           15%        N/A       12%         5
 Animate Skeleton         Necr           Unusable   N/A       N/A         1
 Call Canine Familiar     Summ           Unusable   N/A       N/A         3
 Summon Ice Beast         Ice/Summ       Unusable   N/A       N/A         4

Dungeon Overview and Level Annotations

Branches:
Dungeon (15/15)            Temple (1/1) D:5            Lair (4/6) D:11
 Shoals (0/4) Lair:3       Spider (0/4) Lair:4          Orc (0/2) D:12
 Vaults (0/5) D:14         Depths (0/4) D:15         Bailey (visited)
Gauntlet (1/1)

Altars:
Ashenzari
Cheibriados
Dithmenos
Elyvilon
Fedhas
Gozag
Hepliaklqana
Kikubaaqudgha
Makhleb
Nemelex Xobeh
Okawaru
Qazlal
Ru
Sif Muna
Trog
Uskayaw
Vehumet
Wu Jian
Xom
Yredelemnul
Zin
The Shining One
Beogh

Shops:
D:1 :   D:10 *(

Annotations:
D:8 exclusion: cyclops
D:14 exclusion: fire dragon
D:15 exclusions: necromancer and vampire mage Gauntlet 7 transporters, 1 runed translucent door, exclusion: lightning spire


Innate Abilities, Weirdness & Mutations

You are a tree.
Your roots penetrate the ground, keeping you stationary.
You cannot be teleported.
You are immune to unholy pain and torment.
Your maximum health is greatly increased.
Your equipment is partially melded.
((You have very sharp teeth.))
Your uncanny sense of smell can sniff out nearby items.
Your experience applies equally to all skills.


Message History

You block the death drake's attack.
Unknown command.
You feel much better.
You feel very sick. The death drake breathes miasma at you.
The foul vapour engulfs you but does no damage.
The death drake bites you but does no damage.
Unknown command.
You feel very mighty all of a sudden.
You are engulfed in dark miasma.
* * * LOW HITPOINT WARNING * * *
You feel very sick. The death drake breathes miasma at you.
The foul vapour engulfs you.
* * * LOW HITPOINT WARNING * * *
The death drake bites you but does no damage.
You feel much better.
You are engulfed in dark miasma.
* * * LOW HITPOINT WARNING * * *
You feel sick. The death drake bites you.
* * * LOW HITPOINT WARNING * * *
You block the death drake's attack.
Unknown command.
You puncture the death drake!
The death drake is almost dead.
You are engulfed in dark miasma.
You are lethally poisoned!
You feel as though you will be slow longer.
* * * LOW HITPOINT WARNING * * *
x2 You feel sick.
The death drake bites you but does no damage.
Okay, then.
You hit the death drake.
The death drake is almost dead.
You are engulfed in dark miasma.
You feel as though you will be slow longer.
* * * LOW HITPOINT WARNING * * *
x2 You feel sick.
The death drake bites you.
* * * LOW HITPOINT WARNING * * *
You feel better.
You are engulfed in dark miasma.
You die...

########################
≈#§#≈#§#§#≈#≈#≈#≈#≈#≈#≈##
.....§..................##
....§...................≈#
#########..###########..##
†©.≈....#..#.........#..≈#
≈≈.≈≈.≈≈#..#.##...##.#..##
.≈≈..≈..#..#..##♣##.[#..≈#
...≈≈.≈.####...#k#..?#..##
≈≈..≈..§#©©#....Z#..©#..≈#
.≈.≈≈...####...#.#..!#..## .#
..≈..≈.≈#..#..##.##..#..≈# ..#
≈≈..≈≈≈.#..#.##...##.#..###..#
..≈≈....#..#.........#..#....#
#########..###########..#©...#
........................#.....


You could see a death drake and a spectral centaur warrior.

Vanquished Creatures
  2 boulder beetles
  A hydra (D:15)
  A spriggan zombie (D:15)
  A rakshasa (D:13)
  3 vault guards
  Fannar (D:11)
  2 centaur warriors (D:13)
  4 two-headed ogres
  2 tengu warriors
  6 death yaks (Lair:3)
  2 slime creatures (D:14)
  The ghost of CryoSword the Grappler, a novice DrTm (D:7)
  9 skeletal warriors
  2 deep elf pyromancers
  5 cyclopes
  2 ugly things (D:12)
  3 manticores
  A moth of wrath (Gauntlet)
  A merfolk siren (Lair:3)
  A spectral centaur (Gauntlet)
  A black mamba (Lair:1)
  An ice statue (D:15)
  7 cane toads
  5 kobold demonologists
  7 komodo dragons
  3 rime drakes
  An unseen horror (D:11)
  3 tengu conjurers
  A freezing wraith (D:14)
  4 polar bears
  3 trolls
  12 blink frogs (Lair:3)
  Prince Ribbit (D:7)
  A jumping spider (shapeshifter) (D:13)
  A wyvern (D:7)
  3 wraiths
  Sigmund (D:5)
  3 small abominations (Gauntlet)
  A culicivora (shapeshifter) (D:13)
  4 basilisks
  3 humans (D:8)
  24 yaks
  A steam dragon (D:7)
  3 vampire mosquitoes (D:14)
  A redback simulacrum (D:15)
  6 redbacks (D:13)
  2 acid dragons
  6 water moccasins
  7 orc warriors
  4 black bears
  7 ice beasts
  A necrophage (D:7)
  23 wolves
  2 ogres (D:7)
  12 centaurs
  A phantom (D:5)
  16 kobold brigands
  10 bullfrogs
  A gnoll sergeant (D:10)
  4 scorpions
  A hornet simulacrum (D:15)
  A water moccasin skeleton (D:6)
  3 killer bees (D:10)
  7 howler monkeys
  A bullfrog zombie (D:5)
  2 centaur zombies
  6 hounds
  A centaur skeleton (D:7)
  5 orc priests
  An iguana (D:6)
  11 orc wizards
  A scorpion zombie (D:5)
  Natasha (thrice) (D:2)
  2 centaur simulacra (D:7)
  2 howler monkey zombies (D:8)
  7 gnolls
  5 adders
  A white imp (D:15)
  3 ufetubi (D:15)
  A dart slug (D:1)
  45 orcs
  7 ball pythons
  7 endoplasms
  3 giant cockroaches
  13 goblins
  7 hobgoblins
  8 jackals
  2 quokkas
  6 bats
  3 frilled lizards
  A jackal skeleton (D:4)
  46 kobolds
  9 rats
468 creatures vanquished.

Vanquished Creatures (others)
  A sky beast (D:6)
  An orc wizard (D:7)
  9 fungi
  2 plants
  A withered plant (D:15)
14 creatures vanquished.

Grand Total: 482 creatures vanquished

Notes
Turn   | Place    | Note
-------+----------+-------------------------------------------
     0 | D:1      | Ablot the Gnoll Warper began the quest for the Orb.
     0 | D:1      | Reached XP level 1. HP: 20/20 MP: 6/6
   123 | D:1      | Reached XP level 2. HP: 9/26 MP: 7/7
   131 | D:1      | Learned a level 2 spell: Blink
   736 | D:1      | Reached XP level 3. HP: 31/31 MP: 9/9
   755 | D:1      | Reached skill level 5 in Spellcasting
   848 | D:1      | Found Kiym Ogh's Book Shop.
  1403 | D:2      | Reached skill level 1 in Invocations
  1637 | D:2      | Reached skill level 1 in Short Blades
  1637 | D:2      | Reached skill level 1 in Long Blades
  1637 | D:2      | Reached skill level 1 in Axes
  1637 | D:2      | Reached skill level 1 in Maces & Flails
  1637 | D:2      | Reached skill level 1 in Staves
  1637 | D:2      | Reached skill level 1 in Slings
  1637 | D:2      | Reached skill level 1 in Bows
  1637 | D:2      | Reached skill level 1 in Crossbows
  1637 | D:2      | Reached skill level 1 in Stealth
  1637 | D:2      | Reached skill level 1 in Shields
  1637 | D:2      | Reached skill level 1 in Unarmed Combat
  1637 | D:2      | Reached skill level 1 in Evocations
  1654 | D:2      | Reached XP level 4. HP: 32/38 MP: 11/11
  2016 | D:2      | Noticed Natasha
  2032 | D:2      | Killed Natasha
  2033 | D:2      | Reached skill level 1 in Conjurations
  2033 | D:2      | Reached skill level 1 in Hexes
  2033 | D:2      | Reached skill level 1 in Summonings
  2033 | D:2      | Reached skill level 1 in Necromancy
  2033 | D:2      | Reached skill level 1 in Transmutations
  2033 | D:2      | Reached skill level 1 in Fire Magic
  2033 | D:2      | Reached skill level 1 in Ice Magic
  2033 | D:2      | Reached skill level 1 in Air Magic
  2033 | D:2      | Reached skill level 1 in Earth Magic
  2033 | D:2      | Reached skill level 1 in Poison Magic
  2050 | D:2      | Reached XP level 5. HP: 43/43 MP: 12/12
  2117 | D:2      | Noticed Natasha
  2123 | D:2      | Killed Natasha
  2160 | D:2      | Noticed Natasha
  2170 | D:2      | Killed Natasha
  2393 | D:3      | Found a glowing golden altar of the Shining One.
  2429 | D:3      | Reached XP level 6. HP: 42/50 MP: 13/13
  2789 | D:3      | Found an iron altar of Okawaru.
  2805 | D:3      | Became a worshipper of Warmaster Okawaru
  2987 | D:4      | Reached skill level 5 in Fighting
  2987 | D:4      | Reached skill level 5 in Polearms
  2987 | D:4      | Reached skill level 5 in Dodging
  3161 | D:4      | Reached XP level 7. HP: 56/56 MP: 15/15
  3488 | D:5      | Entered Level 5 of the Dungeon
  3531 | D:5      | Reached * piety under Okawaru
  3931 | D:5      | Noticed Sigmund
  3945 | D:5      | Killed Sigmund
  4043 | D:5      | Reached XP level 8. HP: 63/63 MP: 16/16
  4097 | D:5      | Found a staircase to the Ecumenical Temple.
  4103 | Temple   | Entered the Ecumenical Temple
  4671 | D:6      | Reached ** piety under Okawaru
  4821 | D:6      | Found a stormy altar of Qazlal.
  5161 | D:7      | Noticed CryoSword's ghost (novice DrTm)
  5334 | D:7      | Reached XP level 9. HP: 16/69 MP: 18/18
  5393 | D:7      | Reached *** piety under Okawaru
  5643 | D:7      | Found a flagged portal.
  5665 | Bailey   | Entered a bailey
  5744 | Bailey   | Reached skill level 5 in Throwing
  5744 | Bailey   | Reached skill level 5 in Armour
  5860 | Bailey   | Reached **** piety under Okawaru
  5906 | Bailey   | Reached skill level 5 in Invocations
  5908 | Bailey   | Found an iron altar of Okawaru.
  6118 | D:7      | Found a runed translucent gate.
  6118 | D:7      | Found a runed translucent gate.
  6118 | D:7      | Found a runed translucent gate.
  6280 | D:7      | Noticed Prince Ribbit
  6301 | D:7      | Killed Prince Ribbit
  6519 | D:7      | Reached XP level 10. HP: 77/77 MP: 20/20
  6879 | D:7      | Reached skill level 5 in Short Blades
  6879 | D:7      | Reached skill level 5 in Long Blades
  6879 | D:7      | Reached skill level 5 in Axes
  6879 | D:7      | Reached skill level 5 in Maces & Flails
  6879 | D:7      | Reached skill level 5 in Staves
  6879 | D:7      | Reached skill level 5 in Slings
  6879 | D:7      | Reached skill level 5 in Bows
  6879 | D:7      | Reached skill level 5 in Crossbows
  6879 | D:7      | Reached skill level 5 in Stealth
  6879 | D:7      | Reached skill level 5 in Shields
  6879 | D:7      | Reached skill level 5 in Unarmed Combat
  6879 | D:7      | Reached skill level 5 in Evocations
  7023 | D:8      | Noticed a cyclops
  7050 | D:8      | Reached ***** piety under Okawaru
  7050 | D:8      | Received a gift from Okawaru
  7408 | D:8      | Received a gift from Okawaru
  8313 | D:9      | Identified the +8 spear of Axoedgh {antimagic, rC+ Will+
                  | SInv}
  8333 | D:9      | Learned a level 3 spell: Gell's Gravitas
  8832 | D:10     | Entered Level 10 of the Dungeon
  8928 | D:10     | Found the brooch of Shielding {Spirit SH+8}
  9027 | D:10     | Found Goopihir's Gadget Gallery.
  9264 | D:10     | Found Buityshro's Weapon Boutique.
  9276 | D:10     | Reached XP level 11. HP: 80/84 MP: 5/22
  9359 | D:10     | Reached skill level 5 in Conjurations
  9359 | D:10     | Reached skill level 5 in Hexes
  9359 | D:10     | Reached skill level 5 in Summonings
  9359 | D:10     | Reached skill level 5 in Necromancy
  9359 | D:10     | Reached skill level 5 in Transmutations
  9359 | D:10     | Reached skill level 5 in Fire Magic
  9359 | D:10     | Reached skill level 5 in Ice Magic
  9359 | D:10     | Reached skill level 5 in Air Magic
  9359 | D:10     | Reached skill level 5 in Earth Magic
  9359 | D:10     | Reached skill level 5 in Poison Magic
  9467 | D:10     | Noticed a two-headed ogre
  9518 | D:10     | Killed a two-headed ogre
 10078 | D:11     | Noticed Fannar
 10103 | D:11     | Killed Fannar
 10328 | D:11     | Received a gift from Okawaru
 10474 | D:11     | Noticed a two-headed ogre
 10497 | D:11     | Killed a two-headed ogre
 10675 | D:11     | Found a staircase to the Lair.
 10812 | D:11     | Noticed a manticore
 10813 | D:11     | Noticed a manticore
 10824 | D:11     | Killed a manticore
 10824 | D:11     | Reached ****** piety under Okawaru
 10834 | D:11     | Killed a manticore
 11145 | D:12     | Noticed a red ugly thing
 11145 | D:12     | Noticed a two-headed ogre
 11153 | D:12     | Killed a two-headed ogre
 11153 | D:12     | Identified the +16 crystal plate armour of Numauzo {+Blink
                  | rC+ rCorr Stlth+} (Okawaru gifted it to you on level 12 of
                  | the Dungeon)
 11153 | D:12     | Received a gift from Okawaru
 11162 | D:12     | Killed a red ugly thing
 11335 | D:12     | Reached XP level 12. HP: 83/94 MP: 8/24
 11653 | D:12     | Found a staircase to the Orcish Mines.
 12276 | D:13     | Noticed a two-headed ogre
 12295 | D:13     | Killed a two-headed ogre
 12692 | D:13     | Noticed a tengu warrior
 12741 | D:13     | Killed a tengu warrior
 13209 | D:13     | Found an opulent altar of Gozag.
 13334 | D:13     | Received a gift from Okawaru
 13505 | D:13     | Noticed a boulder beetle
 13508 | D:13     | Noticed a rakshasa
 13519 | D:13     | Killed a boulder beetle
 13544 | D:13     | Killed a rakshasa
 13851 | D:13     | Noticed a centaur warrior
 13879 | D:13     | Killed a centaur warrior
 14328 | D:13     | Noticed a centaur warrior
 14339 | D:13     | Killed a centaur warrior
 14840 | D:14     | Reached XP level 13. HP: 73/101 MP: 8/26
 15187 | D:14     | Found a gate to the Vaults.
 15187 | D:14     | Noticed a vault guard
 15187 | D:14     | Noticed a vault guard
 15187 | D:14     | Noticed a vault guard
 15187 | D:14     | Noticed a vault guard
 15208 | D:14     | Killed a vault guard
 15222 | D:14     | Killed a vault guard
 15235 | D:14     | Identified the +0 chain mail "Supsan" {Str+5 Dex-5}
                  | (Okawaru gifted it to you on level 14 of the Dungeon)
 15235 | D:14     | Received a gift from Okawaru
 15313 | D:13     | HP: 2/101 [vault guard/+0 war axe (8)]
 15316 | D:13     | Killed a vault guard
 16137 | D:14     | Noticed a fire dragon
 16928 | D:15     | Entered Level 15 of the Dungeon
 17397 | D:15     | Found a staircase to the Depths.
 17687 | D:15     | Reached skill level 10 in Spellcasting
 17717 | D:15     | Found an ancient bone altar of Kikubaaqudgha.
 18084 | D:15     | Received a gift from Okawaru
 18519 | D:7      | Killed CryoSword's ghost
 18736 | Lair:1   | Entered Level 1 of the Lair of Beasts
 19120 | Lair:1   | Reached skill level 10 in Fighting
 19120 | Lair:1   | Reached skill level 10 in Polearms
 19120 | Lair:1   | Reached skill level 10 in Dodging
 19271 | Lair:1   | Reached XP level 14. HP: 105/110 MP: 9/28
 20290 | Lair:2   | Received a gift from Okawaru
 21702 | Lair:3   | Reached skill level 10 in Invocations
 22734 | Lair:3   | Found a staircase to the Shoals.
 22859 | Lair:4   | Found a gate leading to a gauntlet.
 22906 | Gauntlet | Entered a Gauntlet
 22906 | Gauntlet | Found a transporter.
 22906 | Gauntlet | Found a transporter.
 23004 | Gauntlet | Found a transporter.
 23006 | Gauntlet | Found a transporter.
 23014 | Gauntlet | Found a transporter.
 23017 | Gauntlet | Found a transporter.
 23039 | Gauntlet | Found a transporter.
 23052 | Gauntlet | Found a transporter.
 23055 | Gauntlet | Found a transporter.
 23062 | Gauntlet | Found a transporter.
 23070 | Gauntlet | Found a transporter.
 23073 | Gauntlet | Found a transporter.
 23111 | Gauntlet | Found a runed translucent door.
 23195 | Gauntlet | Received a gift from Okawaru
 23232 | Gauntlet | Learned a level 3 spell: Frozen Ramparts
 23296 | Gauntlet | Identified the ring of Xom's Fair Game {rC+ rCorr}
 23357 | Gauntlet | HP: 8/166 [poisoned by a death drake (dark miasma)]
 23357 | Gauntlet | HP: 2/166 [death drake (6)]
 23358 | Gauntlet | Engulfed by a death drake's foul pestilence

Illustrated notes

Levels and vault maps discovered:
D:1:      tarquinn_simple_flora_water_f, layout_basic, serial_shops, shop
D:2:      layout_rooms, kennysheep_potato, uniq_natasha
D:3:      layout_basic, kennysheep_okawaru_gauntlet,
          nicolae_tso_swordbearing_angel
D:4:      layout_loops_ring
D:5:      layout_rooms, temple_green, st_stairs_8, kennysheep_cluttered_room,
          uniq_sigmund
D:6:      layout_gridville, kennysheep_mini_moat, corner_web_ring
D:7:      layout_loops_ring, enter_bailey_4, gammafunk_ghost_icy,
          grunt_ministairs_12, uniq_prince_ribbit1
D:8:      layout_gridville, special_room [special_room_orc], minmay_ruffians
D:9:      layout_basic, chequers_serial_rivers_room_b
D:10:     layout_irregular_city, serial_shops, kennysheep_mini,
          nicolae_shop_gadgets
D:11:     layout_gridville, grunt_lair_entry_orc_guard_hut, uniq_fannar
D:12:     layout_long_grid, orc_0_dummy
D:13:     layout_stronghold, chequers_serial_rivers_micro_c, drop_trap,
          nicolae_gozag_seed_capital
D:14:     layout_loops_ring, lightli_vaults_fourway_checkpoint
D:15:     gammafunk_depths_entry_grave, layout_rooms, nicolae_two_hexagons,
          serial_ice, serial_ice_c, serial_ice_h, serial_ice_a, serial_ice_i,
          serial_ice_m, serial_ice_e, serial_ice_o, serial_ice_b,
          portal_ice_cave_entry_ice_statue_one, kiku_gazebo_garden_becter
Temple:   mainiacjoe_temple_bowtie_tessellation
Lair:1:   beast_lair_carwin_large_3, layout_cave_pods
Lair:2:   layout_regular_city
Lair:3:   layout_loops_ring, minmay_shoals_entry_lonely_mermaid,
          serial_bayou_shore_b, grunt_megastairs_1
Lair:4:   layout_roguey, spider_nest_entry_web_field, gauntlet_entry_generic,
          grunt_megastairs_5
Gauntlet: minmay_gauntlet_mixed_big_or_small [gammafunk_gauntlet_arena_chambers,
          minmay_gauntlet_arena_77_fan, nicolae_gauntlet_arena_flowing_pool,
          minmay_gauntlet_arena_77_path, gammafunk_gauntlet_arena_split_x,
          minmay_gauntlet_arena_77_chump_sandwich,
          dreamdust_gauntlet_exit_labyrinth]

Skill      XL: |  1  2  3  4  5  6  7  8  9 10 11 12 13 14 |
---------------+-------------------------------------------+-----
Spellcasting   | 5 6 7 8 9 10 | 10.7
Invocations    | 1 2 3 4 5 6 7 8 9 10 | 10.3
Short Blades   | 1 2 3 4 5 6 7 8 9 |  9.4
Long Blades    | 1 2 3 4 5 6 7 8 9 |  9.4
Axes           | 1 2 3 4 5 6 7 8 9 |  9.4
Maces & Flails | 1 2 3 4 5 6 7 8 9 |  9.4
Staves         | 1 2 3 4 5 6 7 8 9 |  9.4
Slings         | 1 2 3 4 5 6 7 8 9 |  9.4
Bows           | 1 2 3 4 5 6 7 8 9 |  9.4
Crossbows      | 1 2 3 4 5 6 7 8 9 |  9.4
Stealth        | 1 2 3 4 5 6 7 8 9 |  9.4
Shields        | 1 2 3 4 5 6 7 8 9 |  9.4
Unarmed Combat | 1 2 3 4 5 6 7 8 9 |  9.4
Evocations     | 1 2 3 4 5 6 7 8 9 |  9.4
Conjurations   | 1 2 3 4 5 6 7 |  7.9
Hexes          | 1 2 3 4 5 6 7 |  7.9
Summonings     | 1 2 3 4 5 6 7 |  7.9
Necromancy     | 1 2 3 4 5 6 7 |  7.9
Transmutations | 1 2 3 4 5 6 7 |  7.9
Fire Magic     | 1 2 3 4 5 6 7 |  7.9
Ice Magic      | 1 2 3 4 5 6 7 |  7.9
Air Magic      | 1 2 3 4 5 6 7 |  7.9
Earth Magic    | 1 2 3 4 5 6 7 |  7.9
Poison Magic   | 1 2 3 4 5 6 7 |  7.9
Throwing       | 3 4 5 6 7 8 9 |  9.8
Armour         | 3 4 5 6 7 8 9 |  9.8
Fighting       | 5 6 7 8 9 10 | 10.5
Polearms       | 5 6 7 8 9 10 | 10.5
Dodging        | 5 6 7 8 9 10 | 10.5
Translocations | 6 7 8 9 |  9.6

Action                   |  1- 3 |  4- 6 |  7- 9 | 10-12 | 13-15 || total
-------------------------+-------+-------+-------+-------+-------++-------
Melee: Spear             |   122 |     6 |       |   561 |   982 ||  1671
       Bite              |     6 |    18 |    43 |   103 |   123 ||   293
       Punch             |     3 |     2 |     8 |    36 |    12 ||    61
       Short sword       |     8 |   136 |   371 |   186 |       ||   701
Throw: Dart              |       |       |    18 |    49 |     5 ||    72
       Boomerang         |       |       |       |    19 |    24 ||    43
 Cast: Blink             |       |       |       |       |     2 ||     2
Invok: Heroism           |       |       |       |     5 |     9 ||    14
       Finesse           |       |       |       |     2 |     4 ||     6
 Abil: Evoke Blink       |       |       |       |     1 |       ||     1
Evoke: Condenser vane    |       |       |       |     1 |       ||     1
  Use: Scroll            |       |       |       |     7 |    12 ||    19
       Potion            |       |       |       |     2 |    10 ||    12
 Stab: Distracted        |     1 |       |       |     2 |     4 ||     7
       Sleeping          |     1 |     2 |     2 |     8 |    23 ||    36
Armor: Leather armour    |    32 |    30 |   111 |    93 |       ||   266
       Acid dragon scale |       |       |       |    17 |       ||    17
       Crystal plate arm |       |       |       |    96 |       ||    96
       Shadow dragon sca |       |       |       |    55 |   175 ||   230
       Skin              |       |       |       |       |     5 ||     5
Dodge: Dodged            |    84 |   136 |   221 |   287 |   170 ||   898
Block: Other             |       |       |       |    73 |    15 ||    88
       Reflection        |       |       |       |     5 |     2 ||     7
       Buckler           |       |       |       |       |   246 ||   246
